3AA
YAKIMA HOPS @ ATHLETIC CLUB KC ACADEMY
09/18/2041
 
TOP OF THE 1ST
Yakima Hops batting - Pitching for Athletic Club KC Academy : RHP Dan Smith
Pitching: RHP Dan Smith
Batting: LHB Daniel MacBrayne 0-0: Ball
1-0: Ball
2-0: Called Strike
2-1: Ball
3-1: Base on Balls
Batting: RHB Rodrigo Jiménez 0-0: SINGLE (Flyball, 9S, EV 94.4 MPH)
Daniel MacBrayne to second
Runner from 2nd tries for 3rd, SAFE, throw by RF made to third
Batting: LHB Jorge Peniche 0-0: Ball
1-0: Ball
Wild Pitch!
Daniel MacBrayne scores
Rodrigo Jiménez to second
2-0: Ground out 4-3 (Groundball, 34, EV 107.5 MPH)
Rodrigo Jiménez to third
Batting: LHB Richard Beagle 0-0: SINGLE (Groundball, 4D, EV 96.9 MPH)
Rodrigo Jiménez scores
Batting: SHB John Joseph 0-0: Fly out, F5 (Popup, 25, EV 86.2 MPH)
Batting: LHB Alfredo Pliego 0-0: Called Strike
0-1: Fielders Choice at 2nd, 6-4 (Groundball, 6, EV 92.5 MPH)
Top of the 1st over - 2 runs, 2 hits, 0 errors, 1 left on base; Yakima 2 - Athletic Club KC Academy 0
BOTTOM OF THE 1ST
Athletic Club KC Academy batting - Pitching for Yakima Hops : RHP Dave Hamilton
Pitching: RHP Dave Hamilton
Batting: RHB Daniel Hannaford 0-0: Ball
1-0: Called Strike
1-1: SOLO HOME RUN (Flyball, 7D, EV 105.0 MPH), Distance : 365 ft
Batting: LHB Ron Whitney 0-0: Foul Ball, location: 2F
0-1: Ball
1-1: Called Strike
1-2: Strikes out swinging
Batting: RHB Tim Hendricks 0-0: Called Strike
0-1: SOLO HOME RUN (Flyball, 7LD, EV 111.9 MPH), Distance : 336 ft
Batting: RHB Neal Lewis 0-0: Ball
1-0: Called Strike
1-1: Fly out, F8 (Flyball, 8RD, EV 101.2 MPH)
Batting: LHB Carl Zimerman 0-0: Called Strike
0-1: Ball
1-1: Fly out, F8 (Line Drive, 8LD, EV 93.1 MPH)
Bottom of the 1st over - 2 runs, 2 hits, 0 errors, 0 left on base; Yakima 2 - Athletic Club KC Academy 2
TOP OF THE 2ND
Yakima Hops batting - Pitching for Athletic Club KC Academy : RHP Dan Smith
Batting: LHB Kyung-ryul Kim 0-0: Ball
1-0: Swinging Strike
1-1: Ball
2-1: SINGLE (Groundball, 5D, EV 101.2 MPH)
Batting: LHB Damon Cross 0-0: Fly out, F7 (Line Drive, 78D, EV 104.4 MPH)
Batting: RHB Tim Dickson 0-0: Foul Ball, location: 2F
0-1: Ball
1-1: Ball
2-1: Foul Ball, location: 2F
2-2: Strikes out swinging
Batting: LHB Daniel MacBrayne 0-0: Called Strike
0-1: Ball
1-1: Ball
2-1: Called Strike
2-2: Foul Ball, location: 2F
2-2: Ball
3-2: Strikes out swinging
Top of the 2nd over - 0 runs, 1 hit, 0 errors, 1 left on base; Yakima 2 - Athletic Club KC Academy 2
BOTTOM OF THE 2ND
Athletic Club KC Academy batting - Pitching for Yakima Hops : RHP Dave Hamilton
Batting: LHB Octávio Castaneda 0-0: Foul Ball, location: 2F
0-1: Called Strike
0-2: Fly out, F7 (Line Drive, 7, EV 108.8 MPH)
Batting: RHB Kalikiano Keiki 0-0: Ball
1-0: Called Strike
1-1: Ball
2-1: Fly out, F8 (Flyball, 8RD, EV 86.2 MPH)
Batting: RHB Guillermo Alessandrini 0-0: Ball
1-0: Fly out, F8 (Line Drive, 8RM, EV 91.9 MPH)
Bottom of the 2nd over - 0 runs, 0 hits, 0 errors, 0 left on base; Yakima 2 - Athletic Club KC Academy 2
TOP OF THE 3RD
Yakima Hops batting - Pitching for Athletic Club KC Academy : RHP Dan Smith
Batting: RHB Rodrigo Jiménez 0-0: Ball
1-0: Called Strike
1-1: Ball
2-1: SINGLE (Flyball, 9LS, EV 86.9 MPH)
Batting: LHB Jorge Peniche 0-0: Fly out, F8 (Flyball, 8RS, EV 77.5 MPH)
Batting: LHB Richard Beagle 0-0: Ball
1-0: Called Strike
1-1: Fly out, F9 (Flyball, 9D, EV 96.2 MPH)
Batting: SHB John Joseph 0-0: Fly out, F3 (Popup, 34S, EV 76.9 MPH)
Top of the 3rd over - 0 runs, 1 hit, 0 errors, 1 left on base; Yakima 2 - Athletic Club KC Academy 2
BOTTOM OF THE 3RD
Athletic Club KC Academy batting - Pitching for Yakima Hops : RHP Dave Hamilton
Batting: RHB Kojuro Seki 0-0: Foul Ball, location: 2F
0-1: Foul Ball, location: 2F
0-2: Ball
1-2: Ball
2-2: Foul Ball, location: 2F
2-2: Strikes out swinging, 2-3 out at first.
Batting: RHB Daniel Hannaford 0-0: Called Strike
0-1: Ball
1-1: Ground out 6-3 (Groundball, 6M, EV 104.4 MPH)
Batting: LHB Ron Whitney 0-0: SINGLE (Groundball, 56D, EV 95.0 MPH)
Batting: RHB Tim Hendricks 0-0: Ball
Wild Pitch!
Ron Whitney to second
1-0: Called Strike
1-1: Foul Ball, location: 2F
1-2: Fly out, F8 (Flyball, 8LXD, EV 103.8 MPH)
Bottom of the 3rd over - 0 runs, 1 hit, 0 errors, 1 left on base; Yakima 2 - Athletic Club KC Academy 2
TOP OF THE 4TH
Yakima Hops batting - Pitching for Athletic Club KC Academy : RHP Dan Smith
Batting: LHB Alfredo Pliego 0-0: Called Strike
0-1: SINGLE (Flyball, 78S, EV 91.9 MPH)
Batting: LHB Kyung-ryul Kim 0-0: Ball
1-0: Called Strike
1-1: Fielders Choice at 2nd, 1-6 (Groundball, 13, EV 66.2 MPH)
Batting: LHB Damon Cross 0-0: Called Strike
0-1: Foul Ball, location: 2F
0-2: Ball
1-2: Foul Ball, location: 2F
1-2: SINGLE (Groundball, 56D, EV 105.0 MPH)
Kyung-ryul Kim to second
Batting: RHB Tim Dickson 0-0: Foul Ball, location: 2F
0-1: Foul Ball, location: 2F
0-2: SINGLE (Line Drive, 56D, EV 109.4 MPH)
Kyung-ryul Kim to third
Damon Cross to second
Runner from 3rd tries for Home, SAFE, throw by LF to home
Batting: LHB Daniel MacBrayne 0-0: Foul Ball, location: 2F
0-1: Ball
Wild Pitch!
Damon Cross to third
Tim Dickson to second
1-1: Called Strike
1-2: Ball
2-2: Fly out, F1 (Line Drive, P, EV 73.8 MPH)
Batting: RHB Rodrigo Jiménez 0-0: Called Strike
0-1: Called Strike
0-2: Ball
1-2: Fly out, F9 (Flyball, 9LSF, EV 93.8 MPH)
Top of the 4th over - 1 run, 3 hits, 0 errors, 2 left on base; Yakima 3 - Athletic Club KC Academy 2
BOTTOM OF THE 4TH
Athletic Club KC Academy batting - Pitching for Yakima Hops : RHP Dave Hamilton
Batting: RHB Neal Lewis 0-0: Fly out, F7 (Line Drive, 7D, EV 93.8 MPH)
Batting: LHB Carl Zimerman 0-0: Called Strike
0-1: Ball
1-1: SINGLE (Line Drive, 8RM, EV 92.5 MPH)
Batting: LHB Octávio Castaneda 0-0: Ball
Carl Zimerman is caught stealing 2nd base 2-6
1-0: Fly out, F8 (Line Drive, 8LD, EV 106.2 MPH)
Bottom of the 4th over - 0 runs, 1 hit, 0 errors, 0 left on base; Yakima 3 - Athletic Club KC Academy 2
TOP OF THE 5TH
Yakima Hops batting - Pitching for Athletic Club KC Academy : RHP Dan Smith
Batting: LHB Jorge Peniche 0-0: Called Strike
0-1: Foul Ball, location: 2F
0-2: Fly out, F7 (Line Drive, 7, EV 104.4 MPH)
Batting: LHB Richard Beagle 0-0: Swinging Strike
0-1: Ball
1-1: Ball
2-1: Foul Ball, location: 2F
2-2: Ball
3-2: Fly out, F9 (Flyball, 89S, EV 71.9 MPH)
Batting: SHB John Joseph 0-0: Ball
1-0: Ball
2-0: Ball
3-0: Called Strike
3-1: SINGLE (Line Drive, 3D, EV 97.5 MPH)
Batting: LHB Alfredo Pliego 0-0: Called Strike
0-1: Ball
1-1: Ball
2-1: Fly out, F7 (Flyball, 7S, EV 81.2 MPH)
Top of the 5th over - 0 runs, 1 hit, 0 errors, 1 left on base; Yakima 3 - Athletic Club KC Academy 2
BOTTOM OF THE 5TH
Athletic Club KC Academy batting - Pitching for Yakima Hops : RHP Dave Hamilton
Batting: RHB Kalikiano Keiki 0-0: Called Strike
0-1: Ground out 5-3 (Groundball, 5L, EV 102.5 MPH)
Batting: RHB Guillermo Alessandrini 0-0: Foul Ball, location: 2F
0-1: Ball
1-1: Swinging Strike
1-2: Fly out, F4 (Line Drive, 4, EV 64.4 MPH)
Batting: RHB Kojuro Seki 0-0: Called Strike
0-1: Called Strike
0-2: Foul Ball, location: 2F
0-2: Ball
1-2: Foul Ball, location: 2F
1-2: Ball
2-2: Ball
3-2: Ground out 3-1 (Groundball, 34, EV 85.0 MPH)
Bottom of the 5th over - 0 runs, 0 hits, 0 errors, 0 left on base; Yakima 3 - Athletic Club KC Academy 2
TOP OF THE 6TH
Yakima Hops batting - Pitching for Athletic Club KC Academy : RHP Dan Smith
Batting: LHB Kyung-ryul Kim 0-0: Ball
1-0: Ball
2-0: DOUBLE (Line Drive, 89D, EV 108.1 MPH)
Batting: LHB Damon Cross 0-0: Called Strike
0-1: Foul Ball, location: 2F
0-2: Hit by Pitch
Batting: RHB Tim Dickson 0-0: Ball
1-0: Swinging Strike
1-1: Foul Ball, location: 2F
1-2: Foul Ball, location: 2F
1-2: Ball
2-2: Foul Ball, location: 2F
2-2: Fly out, F7 (Flyball, 7, EV 84.4 MPH)
Batting: LHB Daniel MacBrayne 0-0: Swinging Strike
0-1: Swinging Strike
0-2: Foul Ball, location: 2F
0-2: Strikes out looking
Pitching: RHP Taine Poutini
Batting: RHB Rodrigo Jiménez 0-0: Ball
1-0: Called Strike
1-1: Foul Ball, location: 2F
1-2: Strikes out swinging
Top of the 6th over - 0 runs, 1 hit, 0 errors, 2 left on base; Yakima 3 - Athletic Club KC Academy 2
BOTTOM OF THE 6TH
Athletic Club KC Academy batting - Pitching for Yakima Hops : RHP Dave Hamilton
Batting: RHB Daniel Hannaford 0-0: Ground out 6-3 (Groundball, 6M, EV 88.1 MPH)
Batting: LHB Ron Whitney 0-0: Fly out, F6 (Popup, 6M, EV 69.4 MPH)
Batting: RHB Tim Hendricks 0-0: Foul Ball, location: 2F
0-1: DOUBLE (Flyball, 9LD, EV 108.1 MPH)
Batting: RHB Neal Lewis 0-0: Called Strike
0-1: Ground out 5-3 (Groundball, 5S, EV 65.6 MPH)
Bottom of the 6th over - 0 runs, 1 hit, 0 errors, 1 left on base; Yakima 3 - Athletic Club KC Academy 2
TOP OF THE 7TH
Yakima Hops batting - Pitching for Athletic Club KC Academy : RHP Taine Poutini
Batting: LHB Jorge Peniche 0-0: Foul Ball, location: 2F
0-1: Ball
1-1: Swinging Strike
1-2: Strikes out swinging
Batting: LHB Richard Beagle 0-0: Ball
1-0: Ball
2-0: Foul Ball, location: 2F
2-1: Ball
3-1: Base on Balls
Batting: SHB John Joseph 0-0: Fly out, F8 (Flyball, 8RM, EV 85.6 MPH)
Batting: LHB Alfredo Pliego 0-0: Foul Ball, location: 2F
0-1: Foul Ball, location: 2F
0-2: Foul Ball, location: 2F
0-2: Ball
1-2: Strikes out swinging
Top of the 7th over - 0 runs, 0 hits, 0 errors, 1 left on base; Yakima 3 - Athletic Club KC Academy 2
BOTTOM OF THE 7TH
Athletic Club KC Academy batting - Pitching for Yakima Hops : RHP Dave Hamilton
Now in CF: Rickey Warner
Batting: LHB Carl Zimerman 0-0: Ball
1-0: Foul Ball, location: 2F
1-1: DOUBLE (Line Drive, 3D, EV 100.6 MPH)
Pinch Hitting: LHB Bruce Simpson 0-0: Called Strike
0-1: Foul Ball, location: 2F
0-2: Ball
Wild Pitch!
Carl Zimerman to third
1-2: Ball
2-2: Ball
3-2: Fly out, F7 (Flyball, 78S, EV 84.4 MPH)
Batting: RHB Kalikiano Keiki 0-0: Called Strike
0-1: DOUBLE (Line Drive, 3D, EV 103.8 MPH)
Carl Zimerman scores
Batting: RHB Guillermo Alessandrini 0-0: Intentional Walk
Batting: RHB Kojuro Seki 0-0: Foul Ball, location: 2F
0-1: Ball
1-1: Ball
2-1: Called Strike
2-2: Foul Ball, location: 2F
2-2: Ball
3-2: Grounds into double play, 6-4-3 (Groundball, 6, EV 86.2 MPH)
Bottom of the 7th over - 1 run, 2 hits, 0 errors, 1 left on base; Yakima 3 - Athletic Club KC Academy 3
TOP OF THE 8TH
Yakima Hops batting - Pitching for Athletic Club KC Academy : RHP Taine Poutini
Now in RF: Mike Welch
Batting: LHB Kyung-ryul Kim 0-0: Ground out 4-3 (Groundball, 4M, EV 83.8 MPH)
Batting: LHB Damon Cross 0-0: Called Strike
0-1: Called Strike
0-2: Foul Ball, location: 2F
0-2: Strikes out looking
Batting: RHB Tim Dickson 0-0: Ball
1-0: SINGLE (Line Drive, 8LS, EV 93.1 MPH)
Batting: LHB Daniel MacBrayne 0-0: Ball
1-0: Ball
2-0: Ball
3-0: Called Strike
3-1: Foul Ball, location: 2F
3-2: Base on Balls
Tim Dickson to second
Batting: RHB Rickey Warner 0-0: Ball
1-0: Ball
2-0: Called Strike
2-1: Fly out, F5 (Popup, 5SF, EV 77.5 MPH)
Top of the 8th over - 0 runs, 1 hit, 0 errors, 2 left on base; Yakima 3 - Athletic Club KC Academy 3
BOTTOM OF THE 8TH
Athletic Club KC Academy batting - Pitching for Yakima Hops : RHP Dave Hamilton
Batting: RHB Daniel Hannaford 0-0: Called Strike
0-1: Foul Ball, location: 2F
0-2: Ball
1-2: Foul Ball, location: 2F
1-2: Ball
2-2: Fly out, F4 (Popup, 4S, EV 82.5 MPH)
Batting: LHB Ron Whitney 0-0: Ball
1-0: Ball
2-0: Foul Ball, location: 2F
2-1: Ball
3-1: Called Strike
3-2: TRIPLE (Flyball, 78XD, EV 104.4 MPH)
Pitching: RHP Logan Barker
Batting: RHB Tim Hendricks 0-0: Ball
1-0: Called Strike
1-1: Swinging Strike
1-2: Ball
2-2: Strikes out looking
Batting: RHB Neal Lewis 0-0: Ball
1-0: Called Strike
1-1: Ball
2-1: SINGLE (Groundball, 56, EV 83.1 MPH) (infield hit)
Ron Whitney scores
Batting: LHB Carl Zimerman 0-0: Ground out 4-3 (Groundball, 4, EV 91.9 MPH)
Bottom of the 8th over - 1 run, 2 hits, 0 errors, 1 left on base; Yakima 3 - Athletic Club KC Academy 4
TOP OF THE 9TH
Yakima Hops batting - Pitching for Athletic Club KC Academy : RHP Taine Poutini
Batting: LHB Jorge Peniche 0-0: Fly out, F8 (Flyball, 8RS, EV 96.2 MPH)
Batting: LHB Richard Beagle 0-0: Called Strike
0-1: Called Strike
0-2: Ball
1-2: Ball
2-2: Foul Ball, location: 2F
2-2: SINGLE (Groundball, 4MD, EV 100.0 MPH)
Pitching: LHP Larry Brown
Pinch Hitting: RHB Brandon Wilson 0-0: Swinging Strike
0-1: Ball
1-1: Swinging Strike
1-2: Foul Ball, location: 2F
1-2: Ball
2-2: Ball
3-2: Foul Ball, location: 2F
3-2: Foul Ball, location: 2F
3-2: Fly out, F4 (Popup, 34S, EV 78.8 MPH)
Batting: LHB Alfredo Pliego 0-0: Called Strike
0-1: Called Strike
0-2: Ball
1-2: Strikes out looking
Top of the 9th over - 0 runs, 1 hit, 0 errors, 1 left on base; Yakima 3 - Athletic Club KC Academy 4
Tuesday, January 5th, 2021 - OOTP Baseball 20.8 Build 74